 Dungeon Crawl Stone Soup version 0.23.2-1-ga50397a (webtiles) character file.

Game seed: 4038512263349823464

45447 myga the Basher (level 14, -7/202 HPs)
             Began as a Gargoyle Monk on Apr 17, 2019.
             Was an Elder of Trog.
             Mangled by a redback (10 damage)
             ... on level 2 of the Spider Nest on Apr 18, 2019.
             The game lasted 02:09:10 (16820 turns).

myga the Basher (Gargoyle Monk)                    Turns: 16820, Time: 02:09:11

Health: -7/202     AC: 34    Str: 22    XL:     14   Next: 33%
Magic:  4/14       EV:  2    Int: 10    God:    Trog [****..]
Gold:   981        SH: 13    Dex: 16    Spells: 13/13 levels left

rFire    . . .     SeeInvis .   U - +0 eveningstar (protect)
rCold    . . .     Gourm    .   o - +0 shield
rNeg     + + +     Faith    .   (armour currently unavailable)
rPois    ∞         Spirit   .   (helmet currently unavailable)
rElec    .         Reflect  .   (cloak currently unavailable)
rCorr    +         Harm     .   (gloves currently unavailable)
MR       ++++.     NoTele   +   (boots currently unavailable)
Stlth    ..........             (no amulet)
HPRegen  1.43/turn              S - ring of protection from magic
MPRegen  0.14/turn              y - ring of resist corrosion

@: berserking, tree-form, protection aura, very slightly contaminated,
regenerating, very quick
A: negative energy resistance 1, petrification resistance, rot immunity, AC +10
a: Berserk, Trog's Hand, Brothers in Arms, Renounce Religion


You were on level 2 of the Spider Nest.
You worshipped Trog.
Trog was greatly pleased with you.
You were near starving.
You were a tree.
You visited 3 branches of the dungeon, and saw 17 of its levels.

You collected 1071 gold pieces.
You spent 90 gold pieces at shops.

Inventory:

Hand Weapons
 A - a +1 flail of holy wrath
 P - a +2 flail of crushing
 U - a +0 eveningstar of protection (weapon)
Missiles
 q - 303 stones
 u - 9 tomahawks
 G - 7 poisoned javelins
 I - 2 javelins of returning (quivered)
 J - 5 javelins of penetration
Armour
 k - a +6 plate armour (melded)
 o - a +0 shield (worn)
 r - a +0 cloak (melded)
 O - a +0 pair of gloves (melded)
 Q - a +0 troll leather armour
 T - a +1 pair of boots (melded)
 V - a +1 chain mail of fire resistance
 W - a +0 shield
Jewellery
 y - a ring of resist corrosion (right branch)
 F - an uncursed ring of positive energy
 S - a ring of protection from magic (left branch)
Wands
 b - a wand of paralysis (29)
 i - a wand of enslavement (7)
 t - a wand of acid (6)
 C - a wand of disintegration (9)
 D - a wand of random effects (28)
 E - a wand of digging (12)
 L - a wand of flame (12)
Scrolls
 e - 6 scrolls of magic mapping
 g - 3 scrolls of remove curse
 l - a scroll of fog
 m - a scroll of enchant armour
 p - 3 scrolls of fear
 v - 3 scrolls of identify
 w - 2 scrolls of teleportation
 x - 3 scrolls of blinking
 K - a scroll of brand weapon
 N - a scroll of holy word
 R - 3 scrolls of enchant weapon
Potions
 d - a potion of brilliance
 f - a potion of flight
 h - 4 potions of mutation
 n - 8 potions of curing
 s - a potion of lignification
 z - a potion of agility
 B - a potion of resistance {unknown}
 H - 2 potions of haste
 M - a potion of ambrosia
Comestibles
 c - 43 rations


   Skills:
 + Level 11.3 Fighting
   Level 3.1(9.3) Axes
 + Level 14.3(14.4) Maces & Flails
   Level 0.2(1.9) Polearms
 + Level 5.2 Throwing
 + Level 9.5 Armour
 + Level 3.9 Dodging
 + Level 4.9 Stealth
 + Level 13.0 Shields
 + Level 1.0 Evocations


You had 13 spell levels left.
You didn't know any spells.
Your spell library was empty.

Dungeon Overview and Level Annotations

Branches:
Dungeon (11/15)            Temple (0/1) D:6            Lair (4/6) D:11
 Shoals (0/4) Lair:2       Spider (2/4) Lair:4
    Orc: D:9-12

Altars:
Trog
Zin
Jiyva

Shops:
D:6 }

Portals:
Trove: D:10 (give +3 gold dragon scales)

Annotations:
Spider:2 exclusion: Roxanne, Frances, Roxanne


Innate Abilities, Weirdness & Mutations

You are resistant to torment.
((Your stone body is resilient. (AC +10)))
You are immune to poison.
((Your large and strong wings let you fly indefinitely.))
You resist negative energy. (rN+)
((You are resistant to electric shocks. (rElec)))
((You can survive without breathing.))
You are immune to petrification.
You are immune to rotting.


Message History

You block the wolf spider's attack. The redback bites you.
* * * LOW HITPOINT WARNING * * *
You block the wolf spider's attack.
The wolf spider bites you but does no damage.
A red film seems to cover your vision as you go berserk!
You feel yourself moving faster!
You feel mighty! You block the redback's attack. The wolf spider hits you.
* * * LOW HITPOINT WARNING * * *
You block the wolf spider's attack.
You closely miss the wolf spider.
The wolf spider is lightly wounded.
The redback bites you.
* * * LOW HITPOINT WARNING * * *
The wolf spider hits you!
* * * LOW HITPOINT WARNING * * *
You block the wolf spider's attack.
You impale the wolf spider!!
The wolf spider is heavily wounded.
The redback bites you!
You die...

##### #.#♣# #####sss#
###.#^#.s## #.#.s..s#^#
#..#.#s#....# #.#..#.#.#.#...
#### ### ..#.....#..s...##
#..###.# ....#..#w#.s##...
.#ss#.s..
###..#....#........s..#..#..†


You could see a wolf spider, an orb spider, a jumping spider and 3 redbacks.

Vanquished Creatures
  Kirke (Spider:1)
  Donald (Spider:1)
  A ghost moth (Spider:1)
  Nessos (Lair:4)
  An entropy weaver (Spider:2)
  5 hydras
  A two-headed ogre (D:8)
  A death yak (Lair:4)
  4 orb spiders (Spider:1)
  An oklob plant (Lair:2)
  10 wolf spiders
  A manticore (D:11)
  2 merfolk sirens (Lair:2)
  4 black mambas
  4 spiny frogs
  3 komodo dragons
  3 demonic crawlers
  2 trolls
  9 jumping spiders
  A queen bee (Lair:3)
  2 merfolk (Lair:2)
  6 polar bears (Lair:4)
  A hornet (Lair:2)
  4 hippogriffs
  17 redbacks
  A human (D:8)
  19 yaks
  13 tarantellas (Spider:1)
  A wyvern (Lair:2)
  2 hogs (Spider:1)
  A basilisk (Lair:2)
  2 hungry ghosts (D:11)
  Edmund (D:6)
  Menkaure (D:6)
  3 water moccasins
  7 porcupines
  A black bear (Lair:2)
  A sky beast (D:11)
  2 ice beasts
  A phantom (D:4)
  A necrophage (D:10)
  8 ogres
  2 orc warriors
  6 centaurs
  11 wolves
  6 crocodiles
  3 big kobolds
  7 bullfrogs
  4 scorpions
  27 killer bees
  A water moccasin skeleton (D:11)
  16 wights
  A howler monkey (D:5)
  5 electric eels
  2 lava snakes
  3 centaur zombies
  4 crimson imps
  8 jellies
  5 hounds
  8 orc priests
  9 orc wizards
  2 quasits (D:8)
  A centaur skeleton (D:6)
  3 iguanas
  8 worker ants
  A killer bee zombie (D:7)
  5 hound skeletons
  A worker ant zombie (D:9)
  12 gnolls
  20 adders
  5 river rats (D:5)
  2 shadow imps
  4 oozes
  An adder skeleton (D:4)
  2 adder zombies
  11 worms
  4 dart slugs
  9 leopard geckos
  43 orcs
  4 bats
  7 giant cockroaches
  7 goblins
  5 hobgoblins
  10 jackals
  11 quokkas
  3 ball pythons
  7 frilled lizards
  16 kobolds
  A quokka skeleton (D:4)
  23 rats
  2 fire vortices
  A plant (Lair:2)
510 creatures vanquished.

Vanquished Creatures (collateral kills)
  A molten gargoyle (Lair:1)
  A demonic crawler (Spider:1)
  A jumping spider (Spider:1)
  A tarantella (Spider:1)
  3 hogs (Spider:1)
  A porcupine (Lair:2)
  3 wolves (Lair:1)
11 creatures vanquished.

Vanquished Creatures (others)
  A wolf spider (Spider:1)
  A human (Spider:1)
  A jackal (D:11)
  6 fungi
  6 plants
15 creatures vanquished.

Grand Total: 536 creatures vanquished

Notes
Turn   | Place    | Note
-------+----------+-------------------------------------------
     0 | D:1      | myga the Gargoyle Monk began the quest for the Orb.
     0 | D:1      | Reached XP level 1. HP: 14/14 MP: 1/1
   146 | D:1      | Reached XP level 2. HP: 10/19 MP: 2/2
   603 | D:1      | Reached XP level 3. HP: 23/23 MP: 3/3
  1050 | D:2      | Found a bloodstained altar of Trog.
  1071 | D:2      | Became a worshipper of Trog the Wrathful
  1071 | D:2      | Reached * piety under Trog
  1071 | D:2      | Reached ** piety under Trog
  1090 | D:2      | Reached XP level 4. HP: 29/29 MP: 4/4
  1092 | D:2      | Reached skill level 1 in Armour
  1212 | D:2      | Reached skill level 4 in Maces & Flails
  1621 | D:3      | Noticed a centaur
  1738 | D:3      | Killed a centaur
  1738 | D:3      | Reached XP level 5. HP: 7/33 MP: 5/5
  2232 | D:3      | Reached XP level 6. HP: 36/38 MP: 6/6
  2436 | D:4      | Reached *** piety under Trog
  2437 | D:4      | Reached skill level 5 in Maces & Flails
  2724 | D:4      | Reached XP level 7. HP: 43/43 MP: 7/7
  2821 | D:4      | Reached skill level 1 in Throwing
  2887 | D:4      | Reached skill level 1 in Axes
  3122 | D:4      | Found Zin's Purification Station.
  3124 | D:4      | Found a glowing silver altar of Zin.
  3127 | D:4      | Bought a potion of curing for 90 gold pieces
  3431 | D:5      | Entered Level 5 of the Dungeon
  3585 | D:5      | Reached **** piety under Trog
  3836 | D:5      | Reached XP level 8. HP: 48/48 MP: 8/8
  4157 | D:5      | Reached skill level 5 in Fighting
  4596 | D:6      | Reached ***** piety under Trog
  4637 | D:6      | Found Eschaut's Gadget Boutique.
  4756 | D:6      | Found a staircase to the Ecumenical Temple.
  4771 | D:6      | You fall through a shaft!
  5070 | D:7      | Reached skill level 5 in Shields
  5072 | D:7      | Received a gift from Trog
  5079 | D:7      | Reached skill level 6 in Maces & Flails
  5282 | D:7      | Reached XP level 9. HP: 49/55 MP: 9/9
  5615 | D:7      | Reached skill level 7 in Maces & Flails
  5870 | D:8      | Received a gift from Trog
  6127 | D:8      | Noticed a two-headed ogre
  6140 | D:8      | Killed a two-headed ogre
  6140 | D:8      | Reached skill level 8 in Maces & Flails
  6239 | D:8      | Reached XP level 10. HP: 59/61 MP: 10/10
  6243 | D:8      | Reached skill level 5 in Armour
  6402 | D:8      | Found a viscous altar of Jiyva.
  6692 | D:6      | Noticed Menkaure
  6697 | D:6      | Killed Menkaure
  6775 | D:6      | Noticed Edmund
  6793 | D:6      | Killed Edmund
  6793 | D:6      | Reached skill level 9 in Maces & Flails
  8018 | D:9      | Reached skill level 10 in Maces & Flails
  8561 | D:10     | Entered Level 10 of the Dungeon
  8674 | D:10     | Reached XP level 11. HP: 61/67 MP: 11/11
  9055 | D:10     | Received a gift from Trog
  9121 | D:10     | Found a portal to a secret trove of treasure.
  9537 | D:11     | Reached skill level 11 in Maces & Flails
  9645 | D:11     | Paralysed by fainting for 6 turns
  9753 | D:11     | Found a staircase to the Lair.
 10158 | D:11     | Noticed a manticore
 10174 | D:11     | Killed a manticore
 10545 | Lair:1   | Entered Level 1 of the Lair of Beasts
 11049 | Lair:1   | Noticed a five-headed hydra
 11056 | Lair:1   | Killed a five-headed hydra
 11588 | Lair:2   | Noticed an eight-headed hydra
 11600 | Lair:2   | Killed an eight-headed hydra
 11607 | Lair:2   | Reached XP level 12. HP: 26/75 MP: 12/12
 11614 | Lair:2   | HP: 3/75 [spiny frog (5)]
 11634 | Lair:2   | Reached skill level 12 in Maces & Flails
 11861 | Lair:2   | Received a gift from Trog
 11992 | Lair:2   | Received a gift from Trog
 11992 | Lair:2   | Reached skill level 10 in Shields
 12163 | Lair:2   | Found a staircase to the Shoals.
 12958 | Lair:3   | Received a gift from Trog
 13349 | Lair:3   | Received a gift from Trog
 13371 | Lair:3   | Noticed an eight-headed hydra
 13378 | Lair:3   | Killed an eight-headed hydra
 13378 | Lair:3   | Reached skill level 10 in Fighting
 13698 | Lair:4   | Noticed an eight-headed hydra
 13726 | Lair:4   | Reached skill level 13 in Maces & Flails
 13732 | Lair:4   | Killed an eight-headed hydra
 13734 | Lair:4   | Reached XP level 13. HP: 82/82 MP: 13/13
 14545 | Lair:4   | Found a hole to the Spider Nest.
 14680 | Lair:4   | Noticed Nessos
 14717 | Lair:4   | Killed Nessos
 14891 | Spider:1 | Entered Level 1 of the Spider Nest
 14948 | Spider:1 | Killed a ghost moth
 15138 | Spider:1 | Received a gift from Trog
 15635 | Spider:1 | Noticed Kirke
 15659 | Spider:1 | Killed Kirke
 15659 | Spider:1 | Received a gift from Trog
 15744 | Spider:1 | Gained mutation: Your large and strong wings let you fly
                  | indefinitely. [Gargoyle growth]
 15744 | Spider:1 | Reached XP level 14. HP: 90/90 MP: 14/14
 15790 | Spider:1 | Reached skill level 5 in Throwing
 15826 | Spider:1 | Noticed Donald
 15841 | Spider:1 | Killed Donald
 15841 | Spider:1 | Reached skill level 14 in Maces & Flails
 16138 | Spider:1 | Reached skill level 1 in Evocations
 16664 | Spider:2 | Noticed an entropy weaver
 16735 | Spider:2 | Killed an entropy weaver
 16761 | Spider:2 | Identified Roxanne's Tome of the Mountains
 16761 | Spider:2 | Noticed Roxanne
 16786 | Spider:2 | Noticed Frances
 16819 | Spider:2 | HP: 2/202 [wolf spider (13)]
 16820 | Spider:2 | Mangled by a redback

Skill      XL: |  1  2  3  4  5  6  7  8  9 10 11 12 13 14 |
---------------+-------------------------------------------+-----
Armour         | 1 2 3 4 6 7 9 |  9.5
Maces & Flails | 4 5 6 8 10 11 13 14 | 14.3
Fighting       | 4 5 6 7 8 10 11 | 11.3
Shields        | 2 3 4 5 6 8 9 11 12 13 | 13.0
Throwing       | 1 2 3 4 5 |  5.2
Axes           | 2 3 |  3.1
Dodging        | 3 |  3.9
Stealth        | 3 4 |  4.9
Evocations     | 1 |  1.0
Polearms       | |  0.2

Action                   |  1- 3 |  4- 6 |  7- 9 | 10-12 | 13-15 || total
-------------------------+-------+-------+-------+-------+-------++-------
Melee: Mace              |   155 |   195 |       |       |       ||   350
       Hand axe          |       |    10 |   242 |       |       ||   252
       Morningstar       |       |       |   367 |    84 |       ||   451
       Trident           |       |       |    23 |       |       ||    23
       Flail             |       |       |       |  1084 |   432 ||  1516
       Eveningstar       |       |       |       |       |   148 ||   148
Throw: Stone             |    22 |    20 |    80 |    57 |     1 ||   180
       Tomahawk          |       |     2 |     9 |    11 |     9 ||    31
       Javelin           |       |       |     1 |    19 |    50 ||    70
Invok: Berserk           |       |     3 |     9 |     8 |     6 ||    26
       Trog's Hand       |       |       |     1 |     5 |    13 ||    19
       Brothers in Arms  |       |       |       |     2 |     3 ||     5
Evoke: Wand              |       |       |     2 |     1 |     2 ||     5
  Use: Scroll            |       |     7 |     7 |    16 |     4 ||    34
       Potion            |       |     1 |       |     4 |     7 ||    12
 Stab: Paralysed         |       |       |     3 |       |       ||     3
       Sleeping          |       |       |       |     4 |       ||     4
       Invisible         |       |       |       |     4 |       ||     4
  Eat: Chunk             |     1 |     7 |    23 |    27 |    12 ||    70
       Ration            |       |       |       |     3 |     3 ||     6
Armor: Chain mail        |    21 |       |       |       |       ||    21
       Plate armour      |    79 |   151 |   433 |   656 |   568 ||  1887
       Troll leather arm |       |       |       |    15 |       ||    15
       Skin              |       |       |       |       |     6 ||     6
Dodge: Dodged            |    25 |    11 |   102 |   227 |   195 ||   560
Block: Shield            |    24 |    98 |   345 |   576 |   504 ||  1547
